 Dungeon Crawl Stone Soup version 0.24.0-125-gc4c63601f3 (webtiles) character file.

Game seed: 12316270558761366177, levelgen mode: deterministic

55 BuffBuff the Skirmisher (level 3, 0/20 HPs)
             Began as a Vine Stalker Fighter on Mar 13, 2020.
             Succumbed to a worker ant's poison
             ... on level 3 of the Dungeon.
             The game lasted 00:07:22 (2288 turns).

BuffBuff the Skirmisher (Vine Stalker Fighter)      Turns: 2288, Time: 00:07:23

Health: 0/20       AC:  6    Str: 19    XL:     3   Next: 93%
Magic:  2/4        EV:  7    Int:  8    God:
Gold:   83         SH:  9    Dex: 13    Spells: 2/2 levels left

rFire    . . .     SeeInvis .     - Unarmed
rCold    . . .     Gourm    .   b - +0 shield
rNeg     . . .     Faith    .   a - +0 scale mail
rPois    .         Spirit   +   (no helmet)
rElec    .         Reflect  .   (no cloak)
rCorr    .         Harm     .   (no gloves)
MR       .....                  (no boots)
Stlth    ..........             (no amulet)
HPRegen  0.06/turn              n - ring of wizardry
MPRegen  0.09/turn              (no ring)

@: lethally poisoned (0 -> -14)
A: fangs 2, magic shield, antimagic bite, no potion heal 3, rot immunity
a: no special abilities


You were on level 3 of the Dungeon.
You were not hungry.

You visited 1 branch of the dungeon, and saw 3 of its levels.

You collected 83 gold pieces.

Inventory:

Missiles
 k - 14 poisoned darts (quivered)
Armour
 a - a +0 scale mail (worn)
 b - a +0 shield (worn)
Jewellery
 n - a ring of wizardry (left hand)
Wands
 m - a wand of scattershot (5)
Scrolls
 e - a scroll of remove curse {unknown}
 g - 2 scrolls of fog {unknown}
 j - 2 scrolls of teleportation {unknown}
 l - 3 scrolls of enchant weapon {unknown}
Potions
 c - a potion of might
 f - 2 potions of agility {unknown}
 h - a potion of degeneration {unknown}
 i - 3 potions of lignification {unknown}
 o - a potion of curing {unknown}
Comestibles
 d - 4 rations


   Skills:
 + Level 3.1 Fighting
 + Level 2.7 Armour
 + Level 3.0 Shields
 * Level 3.0 Unarmed Combat


You had 2 spell levels left.
You didn't know any spells.
Your spell library was empty.

Dungeon Overview and Level Annotations

Branches:
Dungeon (3/15)

Altars:
Ashenzari


Innate Abilities, Weirdness & Mutations

You have extremely sharp teeth.
When hurt, damage is shared between your health and your magic reserves.
Your bite disrupts and absorbs the magic of your enemies.
Potions cannot restore your health.
You are immune to rotting.


Message History

The worker ant bites you but does no damage.
You hit the worker ant.
The worker ant is heavily wounded.
* * * LOW HITPOINT WARNING * * *
You feel sick. The worker ant bites you.
* * * LOW HITPOINT WARNING * * *
You are more poisoned.
The worker ant poisons you!
* * * LOW HITPOINT WARNING * * *
You feel sick.
* * * LOW HITPOINT WARNING * * *
You feel sick.
You punch the worker ant!
The worker ant is almost dead.
* * * LOW HITPOINT WARNING * * *
You feel sick. You block the worker ant's attack.
The worker ant barely misses you.
You completely miss the worker ant. Your bite misses the worker ant.
The worker ant is almost dead.
You die...

#.#
#.....########.########
#.# #.....# #.# #.#
#.....# #.# #.# ##....#
#+# #.#####.#.# ...
#.........# ....
##........# .....
#.####...####...... #.#
#....@a.'......
#.####...####......
#.##.....# .....
#.##.###.# ....
#.##.###.# ...
#........# +#
####.##### #.# #.#


You could see a worker ant.

Vanquished Creatures
  An adder (D:3)
  3 worms (D:2)
  A leopard gecko (D:3)
  2 giant cockroaches
  7 goblins
  3 hobgoblins
  4 jackals (D:1)
  2 kobolds
  3 bats
  4 frilled lizards
  4 rats
34 creatures vanquished.

Notes
Turn   | Place    | Note
-------+----------+-------------------------------------------
     0 | D:1      | BuffBuff the Vine Stalker Fighter began the quest for the
                  | Orb.
     0 | D:1      | Reached XP level 1. HP: 11/11 MP: 2/2
   304 | D:1      | Reached XP level 2. HP: 3/16 MP: 0/3
  1115 | D:2      | Reached XP level 3. HP: 17/19 MP: 4/4
  1352 | D:2      | Found a shattered altar of Ashenzari.
  2288 | D:3      | Succumbed to a worker ant's poison

Levels and vault maps discovered:
D:1:      minmay_arrival_up_and_down, layout_rooms, serial_aquarium,
          aquarium_bridge_straight [aquarium_subvault_bridge,
          aquarium_subvault_wall, aquarium_subvault_bridge,
          aquarium_subvault_wall], aquarium_window_fake, aquarium_window_2,
          aquarium_view_2b, aquarium_view_2e, aquarium_balcony_3b
D:2:      layout_rooms, nicolae_ashenzari_panopticon
D:3:      layout_loops_corners, first_ration, minmay_joined_circles

Skill      XL: |  1  2  3 |
---------------+----------+-----
Fighting       | 3 |  3.1
Shields        | 3 |  3.0
Unarmed Combat | 3 |  3.0
Armour         | |  2.7

Action                   || total
-------------------------++-------
Melee: Unarmed           ||   126
       Bite              ||    29
Throw: Dart              ||     6
  Eat: Chunk             ||     4
Armor: Scale mail        ||    41
Dodge: Dodged            ||    29
Block: Shield            ||    50
